 Dungeon Crawl Stone Soup version 0.31.0-1-g2c135a008e (webtiles) character file.

Game seed: 10673559462226072538

473 qw the Shooter (level 7, 0/54 HPs)
             Began as a Djinni Hunter on Jan 23, 2024.
             Slain by Natasha (13 damage)
             ... on level 3 of the Dungeon.
             The game lasted 00:00:09 (2012 turns).

qw the Shooter (Djinni Hunter)                      Turns: 2012, Time: 00:00:09

Health: 0/54       AC:  7    Str:  8    XL:     7   Next: 32%
Gold:   150        EV: 11    Int: 11    God:
                   SH:  0    Dex: 18

rFire   + . .        f - +1 orcbow (chaos)
rCold   . . .        (shield currently unavailable)
rNeg    . . .        k - +0 ring mail
rPois   inf          (no helmet)
rElec   .            (no cloak)
rCorr   .            l - +1 pair of gloves
SInv    .            (boots unavailable)
Will    .....        d - amulet of faith
Stlth   +            n - ring of ice
HPRegen 0.29/turn    (no ring)
MPRegen 0.00/turn

%: faith, infuse magic (-1 HP)
@: flying, slowed, very slow
A: sickness immunity, fire resistance 2, cold vulnerability 1, float, innate
caster, HP casting, extra vitality 1, weak 1, evolution 1
a: no special abilities


You were on level 3 of the Dungeon.
You visited 1 branch of the dungeon, and saw 4 of its levels.

You collected 150 gold pieces.


Innate Abilities, Weirdness & Mutations

You are immune to sickness and miasma.
You are immune to poison.
Your flesh is very heat resistant. (rF++)
You are vulnerable to cold. (rC-)
You float through the air rather than walking.
You learn spells naturally, not from books.
Your magical power is your life essence.
You have superior vitality. (+4 MHP)
You are weak. (Str -2)
You have hidden genetic potential.


   Skills:
 - Level 5.0 Fighting
 + Level 5.1 Ranged Weapons
 - Level 1.0 Armour
 - Level 3.3 Dodging
 - Level 0.7 Stealth


You knew the following spells:

 Your Spells              Type           Power      Damage    Failure   Level
a - Slow                  Hex            0%         N/A       73%         1
b - Blink                 Tloc           0%         N/A       86%         2
c - Lesser Beckoning      Tloc           0%         N/A       86%         2
Your spell library was empty.

Inventory:

Hand Weapons
 f - a +1 orcbow of chaos (weapon)
Armour
 k - a +0 ring mail (worn)
 l - a +1 pair of gloves (worn)
Jewellery
 d - an amulet of faith (around neck)
 n - a ring of ice (left hand)
Wands
 h - a wand of flame (18)
Scrolls
 j - a scroll of vulnerability {unknown}
Potions
 e - 3 potions of might
 g - a potion of mutation

Dungeon Overview and Level Annotations

Branches:
Dungeon (4/15)
 Temple: D:4-7

Altars:
Cheibriados
Elyvilon
Zin
The Shining One

Annotations:
D:3 Natasha


Message History

You feel a bit more experienced.
You start resting.
You feel less attractive to monsters.
Your extra speed is starting to run out.
Natasha, Servant of Life and Death comes into view.
2000 ||| FLEEEEING.
Things that are here:
a +0 dagger; a +0 robe; a rat corpse
2001 ||| FLEEEEING.
There is a stone staircase leading down here.
You start resting.
Natasha is nearby!
2004 ||| FLEEEEING.
Things that are here:
a +0 dagger; a +0 robe; a rat corpse
2005 ||| FLEEEEING.
Natasha hisses angrily.
Natasha stares at you and mumbles some strange words.
You feel yourself slow down.
There is a stone staircase leading down here.
2006 ||| FLEEEEING.
You feel yourself slow down.
You shoot an arrow. The arrow hits Natasha.
Natasha seems to grow stronger.
Natasha is moderately wounded.
You start resting.
Natasha is nearby!
You shoot an arrow. The arrow barely misses Natasha.
Natasha claws you.
You shoot an arrow. The arrow barely misses Natasha.
Natasha wildly gestures.
Natasha shimmers violently.
Natasha claws you. Natasha misses you.
You shoot an arrow. The arrow hits Natasha.
Natasha is poisoned.
Natasha is heavily wounded.
Natasha mewls in sadness.
Natasha closely misses you. Natasha claws you!
You shoot an arrow. The arrow closely misses Natasha.
Natasha claws you!
You die...
Natasha curls up and begins to purr.

.... #...###.. ....
###.### #.. ~.).~ #...#
##< ¤~..¤ ###.########.
¤¤.. ###............
###'$######...#.########.
#...........###.# ##
#.....)###### #.#
#.....)h@.#####.#
#......##......^####
#.)....####>.......###
#......# ##.#####...####
#......# #..# ###.....
######## ##.## ######
#..# ########### #.##
#.........# ##.#


You could see Natasha (strong, poisoned).

Vanquished Creatures
  Sigmund (D:2)
  A bombardier beetle (D:3)
  An orc priest (D:3)
  Ijyb (D:3)
  An orc wizard (D:3)
  Natasha (twice) (D:3)
  4 gnolls (D:4)
  5 adders
  A dart slug (D:3)
  A ribbon worm (D:2)
  5 orcs (D:3)
  5 bats
  8 endoplasms
  A giant cockroach (D:1)
  3 goblins
  7 hobgoblins
  3 jackals (D:3)
  2 ball pythons (D:1)
  2 frilled lizards (D:3)
  6 kobolds
  7 rats
67 creatures vanquished.

Notes
Turn   | Place    | Note
-------+----------+-------------------------------------------
     0 | D:1      | qw the Djinni Hunter began the quest for the Orb.
     0 | D:1      | Reached XP level 1. HP: 18/18 MP: 0/0
     0 | D:1      | 0 ||| qw: Version: 0.3-a-136-gdd3b4e8
     0 | D:1      | 0 ||| qw: Game counter: 1086
     0 | D:1      | 0 ||| qw: Melee chars always use a shield: true
     0 | D:1      | 0 ||| qw: God list: Okawaru
     0 | D:1      | 0 ||| qw: Allow faded altars: false
     0 | D:1      | 0 ||| qw: Do Orc after clearing Dungeon:15 true
     0 | D:1      | 0 ||| qw: Do second Lair branch before Depths: true
     0 | D:1      | 0 ||| qw: Lair rune preference: random
     0 | D:1      | 0 ||| qw: Goals: Normal
     0 | D:1      | 0 ||| PLANNING D:1-11
    89 | D:1      | 89 ||| SWAPPING to +0 orcbow.
    90 | D:1      | 90 ||| DROPPING +0 shortbow.
   108 | D:1      | Reached XP level 2. HP: 23/23 MP: 0/0
   281 | D:1      | Reached XP level 3. HP: 28/28 MP: 0/0
   281 | D:1      | Learned a level 1 spell: Slow
   591 | D:1      | 591 ||| UPGRADING to +0 ring mail.
   601 | D:1      | 601 ||| DROPPING +0 leather armour.
   602 | D:1      | 602 ||| UPGRADING to +0 pair of gloves.
   607 | D:1      | 607 ||| UPGRADING to ring of ice.
   608 | D:1      | 608 ||| READING scroll labelled OSOULUS ENARIVU.
   709 | D:1      | 709 ||| READING 3 scrolls labelled LIUDUM BIERAOLOISS.
   709 | D:1      | 709 ||| IDENTIFYING viscous orange potion
   710 | D:1      | 710 ||| READING 2 scrolls of identify.
   710 | D:1      | 710 ||| IDENTIFYING 2 metallic brown potions
   711 | D:1      | 711 ||| READING scroll of identify.
   711 | D:1      | 711 ||| IDENTIFYING scroll labelled QUYL YKKEELA
   712 | D:1      | 712 ||| READING scroll of enchant weapon.
   712 | D:1      | 712 ||| ENCHANTING +0 orcbow.
   713 | D:1      | 713 ||| READING scroll labelled CITUMA PEUBLO.
   714 | D:1      | 714 ||| READING scroll labelled IDOC XYNGAESH.
   715 | D:1      | 715 ||| READING scroll labelled IWAJIMOFUNT.
   716 | D:1      | 716 ||| READING scroll labelled PONILE ANYT.
   720 | D:1      | 720 ||| DROPPING scroll of butterflies.
   721 | D:1      | 721 ||| DROPPING potion of berserk rage.
   963 | D:2      | Reached skill level 1 in Armour
  1018 | D:2      | Noticed Sigmund
  1031 | D:2      | HP: 7/29 [something (6)]
  1033 | D:2      | Killed Sigmund
  1034 | D:2      | Reached XP level 4. HP: 10/39 MP: 0/0
  1034 | D:2      | Reached XP level 5. HP: 11/43 MP: 0/0
  1034 | D:2      | Learned a level 2 spell: Blink
  1034 | D:2      | Reached XP level 6. HP: 13/49 MP: 0/0
  1211 | D:2      | You are sucked into a shaft and drop 2 floors!
  1235 | D:4      | 1235 ||| UPGRADING to amulet of faith.
  1240 | D:4      | 1240 ||| READING scroll labelled RADAOJOGONA.
  1507 | D:2      | 1507 ||| READING scroll labelled LAGUFEYFAQ.
  1507 | D:2      | 1507 ||| BRANDING +1 orcbow.
  1508 | D:2      | 1508 ||| READING scroll labelled NOETUT ISOALOA.
  1508 | D:2      | 1508 ||| ENCHANTING +0 pair of gloves.
  1587 | D:3      | Found a snail-covered altar of Cheibriados.
  1593 | D:3      | Noticed Natasha
  1594 | D:3      | Killed Natasha
  1674 | D:3      | Noticed Ijyb
  1677 | D:3      | 1677 ||| FLEEEEING.
  1678 | D:3      | 1678 ||| FLEEEEING.
  1679 | D:3      | 1679 ||| FLEEEEING.
  1680 | D:3      | 1680 ||| FLEEEEING.
  1681 | D:3      | 1681 ||| FLEEEEING.
  1683 | D:3      | Killed Ijyb
  1684 | D:3      | Reached XP level 7. HP: 50/54 MP: 0/0
  1684 | D:3      | Learned a level 2 spell: Lesser Beckoning
  1780 | D:3      | Noticed Natasha
  1794 | D:3      | Killed Natasha
  1873 | D:3      | Found a white marble altar of Elyvilon.
  1877 | D:3      | Found a glowing golden altar of the Shining One.
  1878 | D:3      | Found a glowing silver altar of Zin.
  1954 | D:3      | 1954 ||| DRINKING amethyst potion.
  1955 | D:3      | 1955 ||| DRINKING inky potion.
  1956 | D:3      | 1956 ||| DRINKING dark potion.
  1957 | D:3      | 1957 ||| DRINKING 2 bubbling pink potions.
  1957 | D:3      | Gained mutation: You are weak. (Str -2) [potion of
                  | mutation]
  1957 | D:3      | Gained mutation: You have hidden genetic potential. [potion
                  | of mutation]
  1958 | D:3      | 1958 ||| DRINKING fizzy emerald potion.
  1964 | D:3      | Reached skill level 3 in Dodging
  1999 | D:3      | Noticed Natasha
  2000 | D:3      | 2000 ||| FLEEEEING.
  2001 | D:3      | 2001 ||| FLEEEEING.
  2004 | D:3      | 2004 ||| FLEEEEING.
  2005 | D:3      | 2005 ||| FLEEEEING.
  2006 | D:3      | 2006 ||| FLEEEEING.
  2011 | D:3      | HP: 12/54 [Natasha (10)]
  2012 | D:3      | Slain by Natasha

Levels and vault maps discovered:
D:1:      mainiacjoe_arrival_reflecting_pool, layout_basic, minmay_tetromino_l4
D:2:      layout_rooms, minmay_misc_feat_secret_circle, uniq_sigmund
D:3:      layout_rooms, good_gods_temple_1, mainiacjoe_overflow_cross_hatched,
          kennysheep_cross_room, uniq_ijyb, uniq_natasha
D:4:      layout_rooms

Skill      XL: |  1  2  3  4  5  6  7 |
---------------+----------------------+-----
Ranged Weapons | 4 5 |  5.1
Armour         | 1 |  1.0
Fighting       | 5 |  5.0
Dodging        | 3 |  3.3
Stealth        | |  0.7

Action                     |  1- 3 |  4- 6 |  7- 9 || total
---------------------------+-------+-------+-------++-------
   Fire: Shortbow          |     6 |       |       ||     6
         Orcbow            |    64 |    58 |    47 ||   169
    Use: Scroll            |     9 |     3 |       ||    12
         Potion            |       |       |     5 ||     5
 Armour: Leather armour    |     3 |       |       ||     3
         Ring mail         |    15 |    19 |    26 ||    60
  Dodge: Dodged            |    10 |    16 |    16 ||    42

Table legend:
 A = Non-vault XP
 B = Vault XP
 C = Vault XP percentage of total XP
 D = Non-vault monster count
 E = Vault monster count
 F = Vault count percentage of total count
                 A         B        C        D         E       F
            +---------+---------+-------+---------+---------+-------
      Total |     369 |     307 |  45.4 |      58 |       9 |  13.4
            +---------+---------+-------+---------+---------+-------
        D:1 |      21 |      10 |  32.3 |      12 |       6 |  33.3
        D:2 |      34 |     226 |  86.9 |      13 |       1 |   7.1
        D:3 |     241 |      71 |  22.8 |      26 |       2 |   7.1
        D:4 |      73 |       0 |   0.0 |       7 |       0 |   0.0
            +---------+---------+-------+---------+---------+-------
